 Dungeon Crawl Stone Soup version 0.18.1-8-gdd0e5ea (webtiles) character file.

1920 Hipnos the Geomancer (level 9, 0/45 HPs)
             Began as a Gargoyle Earth Elementalist on May 31, 2016.
             Was a Follower of Vehumet.
             Slain by ThereIsNoGod's ghost (7 damage)
             ... on level 6 of the Dungeon.
             The game lasted 00:22:13 (6228 turns).

Hipnos the Geomancer (Gargoyle Earth Elementalist)  Turns: 6228, Time: 00:22:14

Health: 0/45       AC:  9    Str: 12    XL:     9   Next: 16%
Magic:  9/18       EV:  6    Int: 19    God:    Vehumet [*.....]
Gold:   82         SH:  0    Dex:  6    Spells: 5 memorised, 6 levels left

rFire  + . .     SeeInvis .     k - +0 whip
rCold  + . .     Gourm    .     C - +1 robe {rF+}
rNeg   + . .     Faith    .     (no shield)
rPois  ∞         Spirit   .     (helmet restricted)
rElec  +         Dismiss  .     D - +0 cloak
rCorr  .         Reflect  .     (no gloves)
SustAt .         Harm     .     (no boots)
MR     .....     Rnd*Tele +     (no amulet)
Stlth  ++........               (no ring)
                                (no ring)

@: not resistant to hostile enchantments, unstealthy
A: claws 1, horns 1, clumsy 2, cold resistance 1, negative energy resistance 1,
electricity resistance, teleportitis 1, unbreathing, evolution 1, petrification
resistance, rot immunity, AC +5
a: Renounce Religion


You were on level 6 of the Dungeon.
You worshipped Vehumet.
Vehumet was aware of your devotion.
You were not hungry.

You visited 2 branches of the dungeon, and saw 7 of its levels.

You collected 314 gold pieces.
You spent 232 gold pieces at shops.

Inventory:

Hand Weapons
 k - a +0 whip (weapon)
Armour
 f - a +0 shield
 C - a +1 robe of fire resistance (worn)
 D - a +0 cloak (worn)
 E - a +2 helmet
Scrolls
 a - 3 scrolls of identify
 e - a scroll of fear
 i - 2 scrolls of enchant weapon {unknown}
 l - 4 scrolls of teleportation {unknown}
 m - a scroll of magic mapping
 o - 3 scrolls of amnesia {unknown}
 p - 2 scrolls of remove curse
 t - a scroll of enchant armour
 v - a scroll of random uselessness
 y - a scroll of blinking
 B - a scroll of fog
Potions
 h - 2 potions of agility
 j - a potion of invisibility {unknown}
 n - a potion of magic {unknown}
 q - a potion of lignification
 w - 3 potions of curing
 x - 2 potions of flight
Books
 c - a book of Geomancy

   Spells                             Type                      Level
   a - Sandblast                      Earth                        1
   b - Passwall                       Transmutation/Earth          2
   c - Stone Arrow                    Conjuration/Earth            3
   d - Petrify                        Transmutation/Earth          4
   e - Lee's Rapid Deconstruction     Earth                        5
Comestibles
 b - a chunk of flesh
 d - 3 bread rations
 g - a slice of pizza
 r - 2 meat rations
 s - 6 fruits


   Skills:
 - Level 1.5 Dodging
 - Level 2.1 Stealth
 + Level 6.5 Spellcasting
 + Level 0.7 Transmutations
 * Level 11.6 Earth Magic


You had 6 spell levels left.
You knew the following spells:

 Your Spells              Type           Power        Failure   Level  Hunger
a - Sandblast             Erth           ######       1%          1    None
b - Passwall              Trmt/Erth      ####......   1%          2    None
c - Stone Arrow           Conj/Erth      ####..       3%          3    ##.....
d - Lee's Rapid Deconstr  Erth           ######....   2%          5    #####..
e - Petrify               Trmt/Erth      ####....     12%         4    ####...


Dungeon Overview and Level Annotations

Branches:
Dungeon (6/15)             Temple (1/1) D:5

Altars:
Ashenzari
Cheibriados
Dithmenos
Elyvilon
Gozag
Makhleb
Nemelex Xobeh
Pakellas
Qazlal
Ru
Sif Muna
Trog
Vehumet
Yredelemnul
Zin
The Shining One

Shops:
D:4 [

Annotations:
D:6 ThereIsNoGod's ghost, novice DDFi


Innate Abilities, Weirdness & Mutations

You are resistant to torment.
Your stone body is resilient (AC +5).
You are immune to poison.
You resist negative energy.
You are resistant to electric shocks.
You can survive without breathing.
You are immune to petrification.
You are immune to rotting.
You have sharp fingernails.
You have a pair of small horns on your head.
You are very clumsy. (Dex -4)
Your flesh is cold resistant.
You are occasionally teleported next to monsters.
You evolve.


Message History

ThereIsNoGod's ghost closely misses you.
Casting: Sandblast
Confirm with . or Enter, or press ? or * to list all spells.
Aiming: Sandblast
Press: ? - help, Shift-Dir - straight line, f/p - ThereIsNoGod's ghost
Aim: ThereIsNoGod's ghost (lightly damaged)
The blast of sand hits ThereIsNoGod's ghost.
ThereIsNoGod's ghost is lightly damaged.
ThereIsNoGod's ghost hits you.
Casting: Sandblast
Confirm with . or Enter, or press ? or * to list all spells.
Aiming: Sandblast
Press: ? - help, Shift-Dir - straight line, f/p - ThereIsNoGod's ghost
Aim: ThereIsNoGod's ghost (lightly damaged)
The blast of sand hits ThereIsNoGod's ghost.
ThereIsNoGod's ghost is lightly damaged.
ThereIsNoGod's ghost hits you!
* * * LOW HITPOINT WARNING * * *
ThereIsNoGod's ghost hits you!
You die...

........###.## #.........
........###..## #...?..... #...
..............####........ ...
############...##..........##...
#............%.......
####................#..#
.......................
####.....W............###.
##...<.@...........†.W..
#................#.!<...
#.#####.###<.#..#######.
#..............## ###
#....[.........# #...
#....###.####..#####..#
##..####'.###...##...###
#..#...................
#...#......#...........


You could see ThereIsNoGod's ghost.

Vanquished Creatures
  The ghost of Hipnos the Geomancer, a novice GrEE of Vehumet (D:4)
  A hippogriff (D:5)
  Menkaure (D:5)
  An ice beast (D:5)
  2 sky beasts
  3 phantoms
  2 ogres (D:5)
  A giant frog (D:6)
  2 crimson imps (D:6)
  A giant frog zombie (D:3)
  A jelly (D:5)
  4 hounds
  4 worker ants
  A hound zombie (D:2)
  A hound skeleton (D:5)
  A howler monkey zombie (D:5)
  7 adders
  2 shadow imps
  2 oozes
  2 adder zombies
  2 adder skeletons (D:2)
  3 worms
  2 dart slugs
  A giant gecko (D:6)
  3 orcs
  A bat skeleton (D:2)
  7 giant cockroaches
  4 goblins
  8 hobgoblins
  9 jackals
  5 kobolds
  3 quokkas
  7 bats
  A giant gecko skeleton (D:4)
  A giant gecko zombie (D:2)
  3 giant newts
  A goblin zombie (D:6)
  4 hobgoblin zombies (D:6)
  A kobold skeleton (D:6)
  A kobold zombie (D:6)
  2 orc skeletons (D:6)
  An orc zombie (D:6)
  3 quokka zombies
  6 rats
119 creatures vanquished.

Notes
Turn   | Place    | Note
--------------------------------------------------------------
     0 | D:1      | Hipnos the Gargoyle Earth Elementalist began the quest for the Orb.
     0 | D:1      | Reached XP level 1. HP: 10/10 MP: 3/3
   158 | D:1      | Reached skill level 4 in Earth Magic
   380 | D:1      | Reached XP level 2. HP: 14/15 MP: 3/5
   735 | D:1      | Reached XP level 3. HP: 19/19 MP: 4/6
  1033 | D:2      | Reached skill level 5 in Earth Magic
  1267 | D:2      | Reached XP level 4. HP: 22/24 MP: 1/7
  1897 | D:3      | Noticed a phantom
  1955 | D:3      | Killed a phantom
  1955 | D:3      | Reached skill level 6 in Earth Magic
  1955 | D:3      | Reached XP level 5. HP: 10/28 MP: 0/9
  2319 | D:3      | Found a shadowy altar of Dithmenos.
  2343 | D:3      | Reached skill level 7 in Earth Magic
  2343 | D:3      | Reached XP level 6. HP: 28/32 MP: 2/11
  2753 | D:4      | Noticed a phantom
  2758 | D:4      | Killed a phantom
  2783 | D:4      | Noticed Hipnos's ghost (novice GrEE)
  2794 | D:5      | Entered Level 5 of the Dungeon
  3211 | D:5      | Noticed a sky beast
  3216 | D:5      | Killed a sky beast
  3216 | D:5      | Reached skill level 8 in Earth Magic
  3216 | D:5      | Reached XP level 7. HP: 36/36 MP: 8/13
  3409 | D:5      | Found a staircase to the Ecumenical Temple.
  3422 | Temple   | Entered the Ecumenical Temple
  3479 | Temple   | Became a worshipper of Vehumet
  3544 | D:5      | Noticed Menkaure
  3547 | D:5      | Killed Menkaure
  3547 | D:5      | Reached skill level 9 in Earth Magic
  3728 | D:5      | Reached skill level 5 in Spellcasting
  3728 | D:5      | Reached XP level 8. HP: 41/41 MP: 11/15
  3872 | D:6      | Noticed ThereIsNoGod's ghost (novice DDFi)
  3919 | D:4      | Killed Hipnos's ghost
  3919 | D:4      | Reached skill level 10 in Earth Magic
  4336 | D:4      | Found Rybo Raz's Antique Armour Boutique.
  4339 | D:4      | Bought a glowing robe for 16 gold pieces
  4339 | D:4      | Bought a cloak for 108 gold pieces
  4339 | D:4      | Bought a shiny helmet for 108 gold pieces
  4696 | D:5      | Learned a level 2 spell: Passwall
  4700 | D:5      | Learned a level 3 spell: Stone Arrow
  4706 | D:5      | Learned a level 5 spell: Lee's Rapid Deconstruction
  4711 | D:5      | Learned a level 4 spell: Petrify
  5655 | D:5      | Reached skill level 11 in Earth Magic
  5660 | D:5      | Reached XP level 9. HP: 19/45 MP: 8/18
  6062 | D:6      | Reached * piety under Vehumet
  6062 | D:6      | Offered knowledge of Sting by Vehumet.
  6092 | D:6      | Gained mutation: You evolve. [mutagenic meat]
  6093 | D:6      | Gained mutation: You have a pair of small horns on your head. [mutagenic meat]
  6094 | D:6      | Gained mutation: You are clumsy. (Dex -2) [mutagenic meat]
  6095 | D:6      | Gained mutation: You are very clumsy. (Dex -4) [mutagenic meat]
  6096 | D:6      | Gained mutation: You have sharp fingernails. [mutagenic meat]
  6103 | D:6      | Gained mutation: You are occasionally teleported next to monsters. [potion of mutation]
  6103 | D:6      | Gained mutation: Your flesh is cold resistant. [potion of mutation]
  6128 | D:6      | Found a glowing golden altar of the Shining One.
  6228 | D:6      | Slain by ThereIsNoGod's ghost

Skill      XL: |  1  2  3  4  5  6  7  8 |
---------------+-------------------------+-----
Earth Magic    | 4 5 6 7 8 9 11 | 11.6
Spellcasting   | 3 4 5 6 |  6.5
Dodging        | |  1.5
Stealth        | |  2.1
Transmutations | |  0.7

Action                   |  1- 3 |  4- 6 |  7- 9 || total
-------------------------+-------+-------+-------++-------
Melee: Whip              |       |    14 |   113 ||   127
       Headbutt          |       |       |     2 ||     2
 Cast: Sandblast         |    52 |    94 |   168 ||   314
       Lee's Rapid Decon |       |       |     3 ||     3
  Use: Scroll            |       |       |    13 ||    13
       Potion            |       |       |     1 ||     1
  Eat: Chunk             |     2 |     6 |    10 ||    18
       Meat ration       |       |       |     1 ||     1
Armor: Robe              |     9 |    19 |   107 ||   135
Dodge: Dodged            |    25 |    34 |   135 ||   194
